 Dungeon Crawl Stone Soup version 0.28-a0-1143-gcf6077d4cc (webtiles) character file.

Game seed: 877562197519573822

74 siradein the Skirmisher (level 4, -3/40 HPs)
             Began as a Hill Orc Fighter on Dec 13, 2021.
             Killed from afar by an orc wizard (7 damage)
             ... with a puff of flame
             ... on level 3 of the Dungeon.
             The game lasted 00:02:40 (1711 turns).

siradein the Skirmisher (Hill Orc Fighter)          Turns: 1711, Time: 00:02:40

Health: -3/40      AC: 11    Str: 18    XL:     4   Next: 30%
Magic:  4/4        EV:  7    Int:  8    God:
Gold:   75         SH:  5    Dex: 12    Spells: 3/3 levels left

rFire   . . .      SeeInvis .   a - +0 flail
rCold   . . .      Faith    .   c - +0 buckler
rNeg    . . .      Spirit   .   l - +0 chain mail
rPois   .          Reflect  .   (no helmet)
rElec   .          Harm     .   i - +1 cloak
rCorr   .          Rampage  .   (no gloves)
Will    .....                   (no boots)
Stlth   ..........              (no amulet)
HPRegen 0.13/turn               (no ring)
MPRegen 0.09/turn               (no ring)

@: no status effects
A: no striking features
a: no special abilities


You were on level 3 of the Dungeon.
You visited 1 branch of the dungeon, and saw 3 of its levels.

You collected 75 gold pieces.

Inventory:

Hand Weapons
 a - a +0 flail (weapon)
Missiles
 b - 10 poisoned darts (quivered)
Armour
 c - a +0 buckler (worn)
 i - a +1 cloak (worn)
 l - a +0 chain mail (worn)
Scrolls
 e - a scroll of amnesia {unknown}
 g - a scroll of noise {unknown}
 j - a scroll of summoning {unknown}
 k - a scroll of identify {unknown}
Potions
 d - a potion of might
 f - a potion of ambrosia {unknown}
 h - a potion of curing {unknown}
 m - a potion of haste {unknown}


   Skills:
 + Level 4.3 Fighting
 + Level 3.0 Maces & Flails
 + Level 4.0 Armour
 + Level 3.9 Shields


You had 3 spell levels left.
You didn't know any spells.
Your spell library contained the following spells:

 Spells                   Type           Power      Damage    Failure   Level
 Foxfire                  Conj/Fire      0%         2x1d4     99%         1
 Slow                     Hex            0%         N/A       99%         1
 Confusing Touch          Hex            0%         N/A       100%        3
 Conjure Flame            Conj/Fire      0%         6-21      100%        3
 Inner Flame              Hex/Fire       0%         N/A       100%        3
 Vampiric Draining        Necr           0%         2d6       100%        3
 Flame Wave               Conj/Fire      0%         2d4       100%        4


Dungeon Overview and Level Annotations

Branches:
Dungeon (3/15)

Altars:


Message History

You are too confused!
Unknown command.
You are too confused!
You are too confused!
You are too confused!
You're too confused to move!
The orc wizard casts a spell.
The orc wizard flickers and vanishes!
Deactivating autopickup; reactivate with Ctrl-A.
The orc barely misses you.
You miss the orc.
You hear some strange, mumbled words.
A magic dart appears from out of thin air!
The magic dart hits you! The orc hits you with a +0 mace.
You bump into the rock wall.
Something hits you but does no damage. The orc barely misses you.
You barely miss the orc. Something hits you.
* * * LOW HITPOINT WARNING * * *
The orc hits you but does no damage.
You sock the orc!
You kill the orc!
You feel less confused.
You hear some strange, mumbled words.
A puff of flame appears from out of thin air!
The puff of flame hits you.
* * * LOW HITPOINT WARNING * * *
Something hits you but does no damage.
You closely miss something. Something hits you but does no damage.
You miss something. Something hits you but does no damage.
You barely miss something. Something hits you but does no damage.
You closely miss something.
You hear some strange, mumbled words.
A puff of flame appears from out of thin air!
The puff of flame hits you!
* * * LOW HITPOINT WARNING * * *
You miss something.
You hear some strange, mumbled words.
A puff of flame appears from out of thin air!
The puff of flame hits you!
You die...

#######.# ##### #.#
....# #.# ###.# #.#
### # #.# #.# #..
###.###.# #.#
........# ####.####.#
#######.# #...){....#
#.### #.##@#
#...###.##.#
#####.#..##.#.>#
#........##.#.##
#.##..⌠..##.#.####.#
##.#................#
##......<...##########
.....)........#
##...#⌠...⌠#.##


There were no monsters in sight!

Vanquished Creatures
  An orc wizard (D:3)
  A worm (D:3)
  4 dart slugs
  An orc (D:3)
  A ball python (D:2)
  4 bats
  4 endoplasms
  2 giant cockroaches (D:2)
  5 goblins
  3 hobgoblins
  A quokka (D:1)
  2 frilled lizards
  2 kobolds
  3 rats
34 creatures vanquished.

Notes
Turn   | Place    | Note
-------+----------+-------------------------------------------
     0 | D:1      | siradein the Hill Orc Fighter began the quest for the Orb.
     0 | D:1      | Reached XP level 1. HP: 19/19 MP: 1/1
   418 | D:1      | Reached XP level 2. HP: 10/27 MP: 2/2
   694 | D:1      | You fall into a shaft and drop 1 floor!
   749 | D:2      | Reached XP level 3. HP: 27/33 MP: 3/3
  1700 | D:3      | Reached XP level 4. HP: 33/40 MP: 4/4
  1711 | D:3      | Killed from afar by an orc wizard

Illustrated notes

Levels and vault maps discovered:
D:1:      minmay_arrival_stair_chambers, layout_loops_ring,
          ebering_ecumenical_altar_petrified, minmay_pentomino_v4
D:2:      layout_basic
D:3:      layout_loops_corners, chequers_big_river,
          amcnicky_mini_corridor_feature, grunt_ministairs_1

Skill      XL: |  1  2  3 |
---------------+----------+-----
Fighting       | 4 |  4.3
Maces & Flails | 3 |  3.0
Armour         | 4 |  4.0
Shields        | |  3.9

Action                   |  1- 3 |  4- 6 || total
-------------------------+-------+-------++-------
Melee: Flail             |    97 |    10 ||   107
Armor: Scale mail        |    41 |       ||    41
       Chain mail        |    13 |     8 ||    21
Dodge: Dodged            |    36 |     3 ||    39
Block: Buckler           |    19 |     1 ||    20

Table legend: (Time is in decaauts)
 A = Elapsed time spent in this place.
 B = Non-inter-level travel time spent in this place.
 C = Inter-level travel time spent in this place.
 D = Time resting spent in this place.
 E = Time spent auto-exploring this place.
 F = Levels seen in this place.
 G = Mean time per level.
                   A        B        C        D        E       F      G
               +--------+--------+--------+--------+--------+-----+--------+
         Total |   1739 |   1718 |     21 |      0 |   1423 |   3 |  579.7 |
       Dungeon |   1739 |   1718 |     21 |      0 |   1423 |   3 |  579.7 |
               +--------+--------+--------+--------+--------+-----+--------+

Top non-repeatable levels by time:
     D:1: 704 daAuts
     D:2: 662 daAuts
     D:3: 372 daAuts
